 Dungeon Crawl Stone Soup version 0.25.1-2-g60ff931df9 (webtiles) character file.

Game seed: 6141886625626937412

46 Impeuri the Skirmisher (level 3, -10/29 HPs)
             Began as a Demonspawn Fighter on Aug 23, 2020.
             Mangled by an ogre
             ... wielding a +0 giant club
              (22 damage)
             ... on level 3 of the Dungeon.
             The game lasted 00:02:02 (1773 turns).

Impeuri the Skirmisher (Demonspawn Fighter)         Turns: 1773, Time: 00:02:03

Health: -10/29     AC:  9    Str: 17    XL:     3   Next: 46%
Magic:  3/3        EV:  6    Int:  9    God:
Gold:   128        SH:  8    Dex: 12    Spells: 2/2 levels left

rFire    . . .     SeeInvis .   a - +0 long sword
rCold    + . .     Gourm    .   c - +0 kite shield
rNeg     . . .     Faith    .   b - +0 scale mail
rPois    .         Spirit   .   (no helmet)
rElec    .         Reflect  .   p - +0 cloak
rCorr    .         Harm     .   (no gloves)
MR       .....                  (no boots)
Stlth    +.........             (no amulet)
HPRegen  0.09/turn              i - ring of stealth
MPRegen  0.08/turn              (no ring)

@: no status effects
A: icy blue scales 1, cold resistance 1
a: no special abilities


You were on level 3 of the Dungeon.
You were hungry.

You visited 1 branch of the dungeon, and saw 3 of its levels.

You collected 128 gold pieces.

Inventory:

Hand Weapons
 a - a +0 long sword (weapon)
Armour
 b - a +0 scale mail (worn)
 c - a +0 kite shield (worn)
 p - a +0 cloak (worn)
Jewellery
 i - a ring of stealth (left hand)
 s - a cursed -4 ring of intelligence {unknown}
Scrolls
 e - 3 scrolls of identify {unknown}
 g - a scroll of random uselessness {unknown}
 j - a scroll of magic mapping {unknown}
 k - a scroll of noise {unknown}
 l - 2 scrolls of remove curse {unknown}
 m - a scroll of enchant armour {unknown}
 n - a scroll of blinking {unknown}
 q - a scroll of enchant weapon {unknown}
 r - a scroll of teleportation {unknown}
Potions
 d - a potion of might
 h - a potion of cancellation {unknown}
 o - a potion of lignification {unknown}
Comestibles
 f - 4 rations


   Skills:
 + Level 3.4 Fighting
 * Level 2.8 Long Blades
 + Level 3.1 Armour
 - Level 2.6 Shields


You had 2 spell levels left.
You didn't know any spells.
Your spell library was empty.

Dungeon Overview and Level Annotations

Branches:
Dungeon (3/15)

Altars:
Dithmenos


Innate Abilities, Weirdness & Mutations

You are partially covered in icy blue scales. (AC +2)
Your flesh is cold resistant. (rC+)


Message History

Where to? (Enter - D:2, ? - help)
There is an open door here.
There is a stone staircase leading down here.
You climb downwards.
An ogre comes into view. It is wielding a +0 giant club.
The ogre shouts!
Found a stone staircase leading down.
There is a stone staircase leading up here.
A goblin comes into view.
The ogre hits you with a +0 giant club!
Ouch! That really hurt!
You hit the ogre.
The ogre is lightly wounded.
A bat comes into view.
The ogre hits you but does no damage.
The bat moves out of view.
You hit the ogre.
The ogre is moderately wounded.
The ogre hits you with a +0 giant club!!
Ouch! That really hurt!
You die...

.. ####.#
###### .....
...... ....
......
#..##......
#..........
#..<.......
#..#......###+
#.....@#+##
.......O#
.........
##.#......
#>........
.####...... .
#...b...
.........


You could see an ogre and a bat.

Vanquished Creatures
  2 worms (D:2)
  A leopard gecko (D:2)
  A ball python (D:1)
  6 goblins
  6 hobgoblins
  2 jackals (D:2)
  A quokka (D:2)
  6 bats
  4 frilled lizards
  5 kobolds
  4 rats
38 creatures vanquished.

Notes
Turn   | Place    | Note
-------+----------+-------------------------------------------
     0 | D:1      | Impeuri the Demonspawn Fighter began the quest for the Orb.
     0 | D:1      | Reached XP level 1. HP: 18/18 MP: 1/1
   291 | D:1      | Gained mutation: Your flesh is cold resistant. (rC+)
                  | [demonic ancestry]
   291 | D:1      | Reached XP level 2. HP: 22/24 MP: 2/2
  1137 | D:2      | Found a shadowy altar of Dithmenos.
  1142 | D:2      | Gained mutation: You are partially covered in icy blue
                  | scales. (AC +2) [demonic ancestry]
  1142 | D:2      | Reached XP level 3. HP: 28/29 MP: 3/3
  1769 | D:3      | Noticed an ogre
  1773 | D:3      | Mangled by an ogre

Illustrated notes

Levels and vault maps discovered:
D:1:      arrival_zaba_pyramid, layout_basic, minivault_19
D:2:      layout_basic, nicolae_dithmenos_through_a_glass_darkly, first_ration
D:3:      layout_basic, lemuel_round_altar, lemuel_crystal_altar, uniq_grinder,
          uniq_crazy_yiuf_cottage, uniq_ijyb

Skill      XL: |  1  2 |
---------------+-------+-----
Long Blades    | 2 |  2.8
Armour         | 3 |  3.1
Fighting       | |  3.4
Shields        | |  2.6

Action                   || total
-------------------------++-------
Melee: Long sword        ||   136
  Eat: Chunk             ||     2
Armor: Scale mail        ||    71
Dodge: Dodged            ||    36
Block: Kite shield       ||    69
       Rpst.: Long sword ||    11
